 Dungeon Crawl Stone Soup version 0.29-a0-1039-gfc20370e89 (webtiles) character file.

Game seed: 3900506713956970463

273 BritishOli the Trooper (level 6, -1/48 HPs)
             Began as a Demonspawn Fighter on Aug 15, 2022.
             Slain by an iguana (4 damage)
             ... on level 5 of the Dungeon.
             The game lasted 00:04:30 (1996 turns).

BritishOli the Trooper (Demonspawn Fighter)         Turns: 1996, Time: 00:04:32

Health: -1/48      AC:  8    Str: 18    XL:     6   Next: 2%
Magic:  6/6        EV: 11    Int:  9    God:
Gold:   173        SH:  5    Dex: 13    Spells: 5/5 levels left

rFire   . . .      SeeInvis .   a - +0 long sword
rCold   . . .      Faith    .   c - +0 buckler
rNeg    . . .      Spirit   .   b - +0 scale mail
rPois   .          Reflect  .   s - +1 hat
rElec   .          Harm     .   (no cloak)
rCorr   .          Rampage  .   (no gloves)
Will    .....                   (no boots)
Stlth   ..........              k - amulet of regeneration
HPRegen 0.96/turn               (no ring)
MPRegen 0.10/turn               (no ring)

@: no status effects
A: repulsion field 1, demonic touch 1
a: no special abilities


You were on level 5 of the Dungeon.
You visited 1 branch of the dungeon, and saw 5 of its levels.

You collected 173 gold pieces.

Inventory:

Hand Weapons
 a - a +0 long sword (weapon)
 h - a +4 short sword
Armour
 b - a +0 scale mail (worn)
 c - a +0 buckler (worn)
 s - a +1 hat (worn)
Jewellery
 k - an amulet of regeneration (around neck)
Wands
 u - a wand of acid (3)
Scrolls
 f - 5 scrolls of blinking {unknown}
 g - a scroll of enchant weapon {unknown}
 i - 2 scrolls of identify {unknown}
 n - a scroll of poison {unknown}
 r - a scroll of noise {unknown}
 t - a scroll of teleportation {unknown}
Potions
 d - 2 potions of might
 e - a potion of haste {unknown}
 j - a potion of berserk rage {unknown}
 l - 2 potions of curing {unknown}
 m - a potion of brilliance {unknown}
 o - a potion of lignification {unknown}
 p - a potion of invisibility {unknown}
 q - a potion of flight {unknown}


   Skills:
 + Level 4.2 Fighting
 + Level 3.2 Long Blades
 + Level 3.8 Armour
 + Level 3.8 Shields


You had 5 spell levels left.
You didn't know any spells.
Your spell library contained the following spells:

 Spells                   Type           Power      Damage    Failure   Level
 Apportation              Tloc           0%         N/A       86%         1
 Necrotise                Necr           0%         1d4       86%         1
 Summon Small Mammal      Summ           0%         N/A       86%         1
 Ensorcelled Hibernation  Hex/Ice        0%         N/A       94%         2
 Passwall                 Tmut/Erth      0%         N/A       94%         2
 Swiftness                Air            0%         N/A       99%         3


Dungeon Overview and Level Annotations

Branches:
Dungeon (4/15)
 Temple: D:4-7

Altars:

Shops:
D:2 [


Innate Abilities, Weirdness & Mutations

You are surrounded by a mild repulsion field. (EV +2)
Your touch may inflict minor irresistible damage on your foes.


Message History

The iguana bites you.
You hit the iguana.
The iguana is heavily wounded.
The iguana closely misses you.
You hit the iguana.
The iguana is almost dead.
You block the iguana's attack.
You barely miss the iguana.
The iguana is almost dead.
The iguana closely misses you. The iguana bites you.
You hit the iguana but do no damage.
The iguana is almost dead.
The iguana misses you.
You closely miss the iguana.
The iguana is almost dead.
You block the iguana's attack.
You barely miss the iguana.
The iguana is almost dead.
The iguana barely misses you. The iguana bites you!
You closely miss the iguana.
The iguana is almost dead.
The iguana bites you!
You are too injured to fight recklessly!
You are too injured to fight recklessly!
You block the iguana's attack. The iguana bites you. The iguana bites you.
* * * LOW HITPOINT WARNING * * *
The iguana bites you.
* * * LOW HITPOINT WARNING * * *
The iguana bites you.
* * * LOW HITPOINT WARNING * * *
The iguana misses you. The iguana closely misses you. The iguana misses you.
You block the iguana's attack. The iguana bites you!
* * * LOW HITPOINT WARNING * * *
The iguana bites you.
You die...

### ##.#### ### ##
###.###.# #.###.
.##.##.##.###.##l#
.#.#.#.#.#.#.#.#@#
..#..#..#..#..#..#..
...#...#...#†..#...#
.#....#....#....#....#
..#.....#..)..#.....#..
....#......#......#....
.......#.......#.......
.....†.................
......#..####.###.....#


You could see an iguana.

Vanquished Creatures
  An ice beast (D:5)
  2 orc wizards (D:3)
  6 adders
  3 dart slugs
  4 orcs
  7 ball pythons
  3 endoplasms
  2 giant cockroaches (D:2)
  5 goblins
  10 hobgoblins
  4 kobolds
  6 quokkas
  5 bats
  A frilled lizard (D:3)
  7 rats
66 creatures vanquished.

Vanquished Creatures (others)
  35 plants (D:3)
35 creatures vanquished.

Grand Total: 101 creatures vanquished

Notes
Turn   | Place    | Note
-------+----------+-------------------------------------------
     0 | D:1      | BritishOli the Demonspawn Fighter began the quest for the
                  | Orb.
     0 | D:1      | Reached XP level 1. HP: 18/18 MP: 1/1
   122 | D:1      | Gained mutation: You are surrounded by a mild repulsion
                  | field. (EV +2) [demonic ancestry]
   122 | D:1      | Reached XP level 2. HP: 15/24 MP: 2/2
   563 | D:1      | Found a faded altar of an unknown god.
   713 | D:2      | Reached XP level 3. HP: 29/29 MP: 3/3
   801 | D:2      | Found Mirchuguvo's Armour Boutique.
   920 | D:2      | Reached XP level 4. HP: 32/35 MP: 4/4
  1222 | D:3      | Noticed an orc warrior
  1376 | D:3      | Reached XP level 5. HP: 29/42 MP: 5/5
  1901 | D:4      | You fall into a shaft and drop 1 floor!
  1901 | D:5      | Entered Level 5 of the Dungeon
  1910 | D:5      | Noticed an ice beast
  1922 | D:5      | Killed an ice beast
  1923 | D:5      | Reached skill level 4 in Fighting
  1923 | D:5      | Gained mutation: Your touch may inflict minor irresistible
                  | damage on your foes. [demonic ancestry]
  1923 | D:5      | Reached XP level 6. HP: 31/48 MP: 6/6
  1995 | D:5      | HP: 2/48 [iguana (10)]
  1996 | D:5      | Slain by an iguana

Illustrated notes

Levels and vault maps discovered:
D:1:      lemuel_arrival_broad_hall, layout_basic,
          ebering_ecumenical_altar_sacrificial
D:2:      layout_rooms, serial_shops, shop
D:3:      layout_basic, zin_academy, serial_bayou_lagoon_a
D:4:      layout_loops_cross, vehumet_statue, grunt_decor_arrowhead,
          kennysheep_pointless_box, uniq_eustachio, uniq_menkaure,
          uniq_crazy_yiuf_cottage
D:5:      layout_cave_pods, grunt_qazlal_sundering,
          minmay_temple_entry_offerings, minmay_increasing_density

Skill      XL: |  1  2  3  4  5 |
---------------+----------------+-----
Long Blades    | 2 3 |  3.2
Armour         | 3 |  3.8
Shields        | 3 |  3.8
Fighting       | 4 |  4.2

Action                   |  1- 3 |  4- 6 || total
-------------------------+-------+-------++-------
Melee: Long sword        |    97 |   143 ||   240
Armor: Scale mail        |    64 |    61 ||   125
Dodge: Dodged            |    68 |    90 ||   158
Block: Buckler           |    24 |    29 ||    53

Table legend: (Time is in decaauts)
 A = Elapsed time spent in this place.
 B = Non-inter-level travel time spent in this place.
 C = Inter-level travel time spent in this place.
 D = Time resting spent in this place.
 E = Time spent auto-exploring this place.
 F = Levels seen in this place.
 G = Mean time per level.
                   A        B        C        D        E       F      G
               +--------+--------+--------+--------+--------+-----+--------+
         Total |   2078 |   1999 |     79 |     81 |   1332 |   5 |  415.6 |
       Dungeon |   2078 |   1999 |     79 |     81 |   1332 |   5 |  415.6 |
               +--------+--------+--------+--------+--------+-----+--------+

Top non-repeatable levels by time:
     D:1: 726 daAuts
     D:2: 608 daAuts
     D:3: 515 daAuts
     D:4: 126 daAuts
     D:5: 101 daAuts
